 Dungeon Crawl Stone Soup version 0.21.1-1-g345015f (webtiles) character file.

2276 kae the Insei (level 9, -10/67 HPs)
             Began as a Gnoll Transmuter on May 31, 2018.
             Was a Priest of Okawaru.
             Mangled by an ogre
             ... wielding a +0 giant spiked club
              (16 damage)
             ... on level 7 of the Dungeon.
             The game lasted 00:06:12 (7312 turns).

kae the Insei (Gnoll Transmuter)                    Turns: 7312, Time: 00:06:13

Health: -10/67     AC: 10    Str: 13    XL:     9   Next: 39%
Magic:  18/18      EV: 16    Int: 16    God:    Okawaru [***...]
Gold:   295        SH:  0    Dex: 18    Spells: 5/21 levels left

rFire    . . .     SeeInvis .   m - +4 mace (protect)
rCold    . . .     Gourm    .   (no shield)
rNeg     + . .     Faith    .   b - +0 robe
rPois    .         Spirit   .   (no helmet)
rElec    .         Reflect  .   (no cloak)
rCorr    .         Harm     .   l - +0 pair of gloves
MR       .....                  (no boots)
Stlth    +++.......             (no amulet)
HPRegen  0.21/turn              f - ring of positive energy
MPRegen  0.16/turn              (no ring)

@: protection aura
A: distributed training, fangs 1, strong nose
a: Heroism, Renounce Religion


You were on level 7 of the Dungeon.
You worshipped Okawaru.
Okawaru was most pleased with you.
You were not hungry.

You visited 2 branches of the dungeon, and saw 8 of its levels.

You collected 295 gold pieces.

Inventory:

Hand Weapons
 m - a +4 mace of protection (weapon)
Missiles
 a - 92 arrows
Armour
 b - a +0 robe (worn)
 l - a +0 pair of gloves (worn)
Jewellery
 f - a ring of positive energy (left hand)
 s - an uncursed ring of wizardry {unknown}
 t - an uncursed ring of poison resistance {unknown}
 v - a +6 amulet of reflection
Scrolls
 h - 6 scrolls of remove curse
 k - 2 scrolls of identify
 p - a scroll of fog
 q - 2 scrolls of magic mapping
 r - a scroll of teleportation
 y - a scroll of enchant armour {unknown}
 z - a scroll of holy word {unknown}
Potions
 e - 4 potions of curing
 g - 3 potions of might
 i - 3 potions of haste
 j - a potion of cancellation
 n - 2 potions of agility
 o - a potion of flight {unknown}
 w - 2 potions of brilliance {unknown}
 A - a potion of lignification {unknown}
Books
 c - a book of Changes

   Spells                             Type                      Level
   a - Beastly Appendage              Transmutation                1
   b - Sticks to Snakes               Transmutation                2
   c - Spider Form                    Transmutation/Poison         3
   d - Ice Form                       Ice/Transmutation            4
   e - Blade Hands                    Transmutation                5
 u - a book of Cantrips

   Spells                             Type                      Level
   a - Confusing Touch                Hexes                        1
   b - Animate Skeleton               Necromancy                   1
   c - Summon Small Mammal            Summoning                    1
   d - Apportation                    Translocation                1
Comestibles
 d - 12 rations
 x - 4 chunks of flesh


   Skills:
 + Level 4.9 Fighting
 + Level 4.1 Short Blades
 + Level 4.1 Long Blades
 + Level 4.1 Axes
 + Level 4.1 Maces & Flails
 + Level 4.1 Polearms
 + Level 4.1 Staves
 + Level 4.1 Slings
 + Level 4.1 Bows
 + Level 4.1 Crossbows
 + Level 4.1 Throwing
 + Level 4.1 Armour
 + Level 6.2 Dodging
 + Level 4.1 Stealth
 + Level 4.1 Shields
 + Level 7.8 Unarmed Combat
 + Level 6.5 Spellcasting
 + Level 3.4 Conjurations
 + Level 3.4 Hexes
 + Level 3.4 Charms
 + Level 3.4 Summonings
 + Level 3.4 Necromancy
 + Level 3.4 Translocations
 + Level 5.1 Transmutations
 + Level 3.4 Fire Magic
 + Level 3.4 Ice Magic
 + Level 3.4 Air Magic
 + Level 3.4 Earth Magic
 + Level 3.4 Poison Magic
 + Level 4.5 Invocations
 + Level 4.1 Evocations


You had 5 spell levels left.
You knew the following spells:

 Your Spells              Type           Power        Failure   Level  Hunger
a - Beastly Appendage     Tmut           ###...       1%          1    None
b - Sticks to Snakes      Tmut           ###.....     2%          2    None
c - Spider Form           Tmut/Pois      ###.......   7%          3    ##.....
d - Blade Hands           Tmut           ###.......   38%         5    #####..
e - Ice Form              Ice/Tmut       ###.....     22%         4    ####...
f - Summon Small Mammal   Summ           ###.         3%          1    None


Dungeon Overview and Level Annotations

Branches:
Dungeon (7/15)             Temple (1/1) D:4

Altars:
Ashenzari
Cheibriados
Elyvilon
Fedhas
Gozag
Hepliaklqana
Kikubaaqudgha
Makhleb
Nemelex Xobeh
Okawaru
Qazlal
Ru
Sif Muna
Trog
Uskayaw
Vehumet
Wu Jian
Xom
Yredelemnul
Zin
The Shining One


Innate Abilities, Weirdness & Mutations

Your experience applies equally to all skills.
You have very sharp teeth.
Your uncanny sense of smell can sniff out nearby items.


Message History

The phantom is lightly damaged.
The phantom barely misses you.
You miss the phantom. Your bite misses the phantom.
The phantom is lightly damaged.
The phantom hits you but does no damage.
You barely miss the phantom.
The phantom is lightly damaged.
The phantom hits you.
The phantom blinks!
You completely miss the ogre. You bite the ogre, but do no damage.
The ogre hits you with a giant spiked club!!
* * * LOW HITPOINT WARNING * * *
You sock the ogre!
Your weapon exudes an aura of protection.
The ogre is moderately wounded.
The ogre hits you with a giant spiked club!
* * * LOW HITPOINT WARNING * * *
You hit the ogre.
The ogre is heavily wounded.
The ogre hits you with a giant spiked club!
You die...

.........# .........#
.........# .......?†#
........K###
........KWK##
.....W...#KK#
.........##O#
.........##@##
.........##..#######
#####.######..†....##
#.############..####
## #.....#
##....####. #.....#
####....#. #.....#
####.#. #.....#
########).) ###.....#
#.(.....)((


You could see a phantom, a big kobold, an ogre and 3 kobolds.

Vanquished Creatures
  Edmund (D:5)
  4 orc warriors
  A phantom (D:6)
  4 ogres
  A centaur (D:5)
  2 bullfrogs (D:6)
  A water moccasin zombie (D:5)
  A scorpion (D:7)
  A centaur zombie (D:5)
  A crimson imp (D:5)
  5 hounds
  4 orc priests
  A jelly (D:5)
  An orc wizard (D:6)
  2 bullfrog skeletons
  4 iguanas
  7 worker ants
  A worker ant zombie (D:5)
  5 gnolls
  8 adders
  A shadow imp (D:6)
  2 worms
  A dart slug (D:2)
  2 leopard geckos
  21 orcs
  3 giant cockroaches
  6 goblins
  3 hobgoblins
  22 jackals
  8 kobolds
  2 ball pythons
  7 bats
  7 frilled lizards
  A leopard gecko zombie (D:6)
  A quokka zombie (D:6)
  4 rats (D:1)
146 creatures vanquished.

Vanquished Creatures (collateral kills)
  A big kobold (D:7)
  An orc priest (D:7)
  An orc (D:7)
  A kobold (D:7)
4 creatures vanquished.

Grand Total: 150 creatures vanquished

Notes
Turn   | Place    | Note
-------+----------+-------------------------------------------
     0 | D:1      | kae the Gnoll Transmuter began the quest for the Orb.
     0 | D:1      | Reached XP level 1. HP: 17/17 MP: 6/6
   263 | D:1      | Reached XP level 2. HP: 23/23 MP: 5/7
   349 | D:1      | Reached XP level 3. HP: 21/28 MP: 7/9
   393 | D:1      | Reached skill level 5 in Spellcasting
   868 | D:2      | Reached skill level 1 in Invocations
  1099 | D:2      | Reached skill level 1 in Short Blades
  1099 | D:2      | Reached skill level 1 in Long Blades
  1099 | D:2      | Reached skill level 1 in Axes
  1099 | D:2      | Reached skill level 1 in Maces & Flails
  1099 | D:2      | Reached skill level 1 in Polearms
  1099 | D:2      | Reached skill level 1 in Staves
  1099 | D:2      | Reached skill level 1 in Slings
  1099 | D:2      | Reached skill level 1 in Bows
  1099 | D:2      | Reached skill level 1 in Crossbows
  1099 | D:2      | Reached skill level 1 in Throwing
  1099 | D:2      | Reached skill level 1 in Armour
  1099 | D:2      | Reached skill level 1 in Stealth
  1099 | D:2      | Reached skill level 1 in Shields
  1099 | D:2      | Reached skill level 1 in Evocations
  1140 | D:2      | Reached XP level 4. HP: 34/34 MP: 11/11
  1150 | D:2      | Learned a level 2 spell: Sticks to Snakes
  1154 | D:2      | Learned a level 3 spell: Spider Form
  1685 | D:3      | Reached skill level 1 in Conjurations
  1685 | D:3      | Reached skill level 1 in Hexes
  1685 | D:3      | Reached skill level 1 in Charms
  1685 | D:3      | Reached skill level 1 in Summonings
  1685 | D:3      | Reached skill level 1 in Necromancy
  1685 | D:3      | Reached skill level 1 in Translocations
  1685 | D:3      | Reached skill level 1 in Fire Magic
  1685 | D:3      | Reached skill level 1 in Ice Magic
  1685 | D:3      | Reached skill level 1 in Air Magic
  1685 | D:3      | Reached skill level 1 in Earth Magic
  1685 | D:3      | Reached skill level 1 in Poison Magic
  1888 | D:3      | Found a burning altar of Makhleb.
  2346 | D:4      | Reached XP level 5. HP: 39/40 MP: 10/12
  2484 | D:4      | Found a staircase to the Ecumenical Temple.
  2647 | Temple   | Entered the Ecumenical Temple
  2887 | Temple   | Became a worshipper of Warmaster Okawaru
  3568 | D:5      | Entered Level 5 of the Dungeon
  3856 | D:5      | Reached XP level 6. HP: 31/47 MP: 10/13
  3985 | D:5      | Reached * piety under Okawaru
  3985 | D:5      | Reached skill level 5 in Dodging
  4081 | D:5      | Reached XP level 7. HP: 52/52 MP: 12/15
  4216 | D:5      | Found a stormy altar of Qazlal.
  4219 | D:5      | Noticed a water elemental
  4220 | D:5      | Noticed a fire elemental
  4220 | D:5      | Noticed an air elemental
  4395 | D:5      | Reached skill level 7 in Unarmed Combat
  4560 | D:5      | Noticed Edmund
  4572 | D:5      | Killed Edmund
  4842 | D:5      | Reached ** piety under Okawaru
  4842 | D:5      | Reached XP level 8. HP: 53/60 MP: 16/16
  5584 | D:6      | Found a snail-covered altar of Cheibriados.
  6207 | D:6      | Reached *** piety under Okawaru
  6266 | D:6      | Reached XP level 9. HP: 35/66 MP: 15/18
  6268 | D:6      | Reached skill level 5 in Transmutations
  6820 | D:6      | Learned a level 5 spell: Blade Hands
  6825 | D:6      | Learned a level 4 spell: Ice Form
  6827 | D:6      | Learned a level 1 spell: Summon Small Mammal
  7312 | D:7      | Mangled by an ogre

Skill      XL: |  1  2  3  4  5  6  7  8  9 |
---------------+----------------------------+-----
Spellcasting   | 5 6 |  6.5
Invocations    | 1 2 3 4 |  4.5
Short Blades   | 1 2 3 4 |  4.1
Long Blades    | 1 2 3 4 |  4.1
Axes           | 1 2 3 4 |  4.1
Maces & Flails | 1 2 3 4 |  4.1
Polearms       | 1 2 3 4 |  4.1
Staves         | 1 2 3 4 |  4.1
Slings         | 1 2 3 4 |  4.1
Bows           | 1 2 3 4 |  4.1
Crossbows      | 1 2 3 4 |  4.1
Throwing       | 1 2 3 4 |  4.1
Armour         | 1 2 3 4 |  4.1
Stealth        | 1 2 3 4 |  4.1
Shields        | 1 2 3 4 |  4.1
Evocations     | 1 2 3 4 |  4.1
Conjurations   | 1 2 3 |  3.4
Hexes          | 1 2 3 |  3.4
Charms         | 1 2 3 |  3.4
Summonings     | 1 2 3 |  3.4
Necromancy     | 1 2 3 |  3.4
Translocations | 1 2 3 |  3.4
Fire Magic     | 1 2 3 |  3.4
Ice Magic      | 1 2 3 |  3.4
Air Magic      | 1 2 3 |  3.4
Earth Magic    | 1 2 3 |  3.4
Poison Magic   | 1 2 3 |  3.4
Fighting       | 3 4 |  4.9
Transmutations | 4 5 |  5.1
Dodging        | 5 6 |  6.2
Unarmed Combat | 7 |  7.8

Action                   |  1- 3 |  4- 6 |  7- 9 || total
-------------------------+-------+-------+-------++-------
Melee: Unarmed           |    66 |   107 |   199 ||   372
       Kick              |    13 |    10 |       ||    23
       Bite              |     3 |     1 |    13 ||    17
       Headbutt          |     2 |     7 |       ||     9
       Punch             |     1 |       |     1 ||     2
       Mace              |       |       |    71 ||    71
 Cast: Beastly Appendage |    15 |    13 |       ||    28
       Spider Form       |       |     3 |    23 ||    26
       Summon Small Mamm |       |       |     7 ||     7
Invok: Heroism           |       |       |     1 ||     1
  Use: Scroll            |     1 |    11 |     3 ||    15
       Potion            |       |       |     2 ||     2
 Stab: Sleeping          |     2 |     5 |     5 ||    12
       Distracted        |       |       |     1 ||     1
  Eat: Chunk             |     1 |     5 |    12 ||    18
       Ration            |       |     1 |       ||     1
Armor: Robe              |    11 |     4 |    22 ||    37
       Skin              |       |       |     4 ||     4
Dodge: Dodged            |    53 |    74 |   246 ||   373
